[Event "Czech Open Rapid G1 2024"]
[Site "Pardubice"]
[Date "2024.07.17"]
[Round "3.31"]
[White "Tesar, Jan"]
[Black "Dolensky, Milan"]
[Result "1-0"]
[Annotator "RC"]
[ECO "A45"]
[WhiteElo "1929"]
[BlackElo "1983"]
[PlyCount "73"]
[EventDate "2024.07.16"]
[EventType "swiss"]
[EventCountry "CZE"]
[SourceTitle "playchess.com"]
[Source "ChessBase"]
[SourceQuality "1"]
[TimeControl "1200+10"]

1. d4 Nf6 2. Bg5 c5 3. Nc3 Qa5 4. Bxf6 gxf6 5. d5 Bg7 6. e3 f5 7. Qd2 O-O 8. Bd3 d6 9. Nge2 e5 10. f3 a6 11. e4 fxe4 12. fxe4 Qc7 13. O-O c4 14. Bxc4 Qxc4 15. Rf3 Qc7 16. Ng3 Bg4 17. Rd3 Qe7 18. h3 Bc8 19. Rf1 Qh4 20. Qe2 b5 21. Nh5 f5 22. Rg3 Ra7 23. Qf2 Qxh5 24. Qxa7 Nd7 25. exf5 Qh6 26. Ne4 Kh8 27. Qc7 Qh4 28. Rg4 Qe7 29. f6 Bxf6 30. Nxf6 Rxf6 31. Qxc8+ Nf8 32. Rxf6 Qxf6 33. Rg3 e4 34. Qe8 h6 35. c3 Qf4 36. Rg4 Qf6 37. Qxe4 1-0

[Event "Czech Open Rapid G1 2024"]
[Site "Pardubice"]
[Date "2024.07.17"]
[Round "3.32"]
[White "Migalko, Dmitriy"]
[Black "Dolensky, Filip"]
[Result "0-1"]
[Annotator "RC"]
[ECO "B45"]
[WhiteElo "1856"]
[BlackElo "2085"]
[PlyCount "116"]
[EventDate "2024.07.16"]
[EventType "swiss"]
[EventCountry "CZE"]
[SourceTitle "playchess.com"]
[Source "ChessBase"]
[SourceQuality "1"]
[TimeControl "1200+10"]

1. e4 c5 2. Nf3 e6 3. d4 cxd4 4. Nxd4 Nf6 5. Nc3 Nc6 6. g3 Bb4 7. Bg2 O-O 8. O-O h6 9. Nxc6 dxc6 10. Qf3 e5 11. h3 Qe7 12. a3 Ba5 13. b4 Bc7 14. Be3 b6 15. Qe2 Re8 16. f4 a5 17. b5 Bd6 18. a4 Bb4 19. Na2 Bc5 20. f5 cxb5 21. axb5 Bb7 22. Nc3 Rac8 23. Nd5 Bxd5 24. exd5 e4 25. Rfd1 Bxe3+ 26. Qxe3 Qc5 27. Qxc5 Rxc5 28. d6 Rxc2 29. d7 Rd8 30. Rd6 Rxd7 31. Rxd7 Nxd7 32. Bxe4 Rc4 33. Bc6 Ne5 34. Bd5 Rc5 35. Rd1 Rxb5 36. Be4 Kf8 37. Rd6 Ke7 38. Rd2 Rc5 39. Re2 f6 40. Kf2 a4 41. Ra2 b5 42. Ke3 Rc3+ 43. Kf4 a3 44. Bd5 b4 45. h4 Kd6 46. Be4 Nd3+ 47. Kg4 Rc4 48. Kf3 Ne5+ 49. Kf4 Kc5 50. Rd2 b3 51. Rd5+ Kb4 52. Rd8 a2 53. Ra8 Kc3 54. Ke3 Kb2 55. Bd5 Rc3+ 56. Kd4 Rd3+ 57. Kc5 Rxd5+ 58. Kxd5 a1=Q 0-1

[Event "Czech Open Rapid G1 2024"]
[Site "Pardubice"]
[Date "2024.07.17"]
[Round "3.33"]
[White "Gu In-Jung"]
[Black "Novotny, Dominik"]
[Result "0-1"]
[Annotator "RC"]
[ECO "B12"]
[WhiteElo "1960"]
[BlackElo "1921"]
[PlyCount "58"]
[EventDate "2024.07.16"]
[EventType "swiss"]
[EventCountry "CZE"]
[SourceTitle "playchess.com"]
[Source "ChessBase"]
[SourceQuality "1"]
[TimeControl "1200+10"]

1. e4 c6 2. d4 d5 3. f3 e6 4. Nc3 Qb6 5. Qd3 Nd7 6. Be3 Qxb2 7. Rb1 Qa3 8. Rb3 Qa5 9. Bd2 Qc7 10. Nh3 dxe4 11. Nxe4 Ngf6 12. Be2 Nxe4 13. fxe4 e5 14. c3 Bd6 15. O-O O-O 16. Ng5 Nf6 17. Qg3 h6 18. Rxf6 hxg5 19. Bxg5 Be6 20. Bh6 g6 21. c4 exd4 22. Qg5 Bxh2+ 23. Kh1 Be5 24. Rg3 Bxg3 25. Bh5 Qe5 26. Rxg6+ fxg6 27. Qxg6+ Kh8 28. Bf3 Bf7 29. Qg4 Qh5+ 0-1

[Event "Czech Open Rapid G1 2024"]
[Site "Pardubice"]
[Date "2024.07.17"]
[Round "3.34"]
[White "Flasar, Jaroslav"]
[Black "Park, Inchan"]
[Result "0-1"]
[Annotator "RC"]
[ECO "B03"]
[WhiteElo "2012"]
[BlackElo "1856"]
[PlyCount "68"]
[EventDate "2024.07.16"]
[EventType "swiss"]
[EventCountry "CZE"]
[SourceTitle "playchess.com"]
[Source "ChessBase"]
[SourceQuality "1"]
[TimeControl "1200+10"]

1. e4 Nf6 2. e5 Nd5 3. c4 Nb6 4. d4 d6 5. exd6 cxd6 6. Nc3 g6 7. Be3 Bg7 8. Bd3 O-O 9. Nge2 e5 10. d5 N8d7 11. Nb5 Nc5 12. Bxc5 dxc5 13. Nec3 a6 14. Na3 f5 15. O-O e4 16. Be2 Qd6 17. f3 exf3 18. Bxf3 Nd7 19. Re1 Ne5 20. Rb1 Bd7 21. Qe2 Rae8 22. Qf1 g5 23. Nc2 g4 24. Be2 f4 25. Bd3 f3 26. Ne4 Qh6 27. Kh1 fxg2+ 28. Qxg2 Nxd3 29. Re3 Nf4 30. Qg3 Bf5 31. Rbe1 Nh5 32. Qg2 Qg6 33. Na1 Nf4 34. Qc2 Bd4 0-1

[Event "Czech Open Rapid G1 2024"]
[Site "Pardubice"]
[Date "2024.07.17"]
[Round "3.35"]
[White "Eropunov, Gleb"]
[Black "Pejrimovsky, Tadeas Rubel"]
[Result "1-0"]
[Annotator "RC"]
[ECO "B21"]
[WhiteElo "2190"]
[BlackElo "1847"]
[PlyCount "91"]
[EventDate "2024.07.16"]
[EventType "swiss"]
[EventCountry "CZE"]
[SourceTitle "playchess.com"]
[Source "ChessBase"]
[SourceQuality "1"]
[TimeControl "1200+10"]

1. e4 c5 2. d4 cxd4 3. Qxd4 Nc6 4. Qd3 d6 5. Nc3 Nf6 6. Nf3 a6 7. Be2 e6 8. Bf4 Qc7 9. O-O-O e5 10. Bg5 Nb4 11. Qd2 Be6 12. Bxf6 gxf6 13. a3 Na2+ 14. Nxa2 Bxa2 15. Nh4 O-O-O 16. Qe3 h5 17. Nf5 Be6 18. Qf3 Kb8 19. Rd3 Bc4 20. Rc3 Bxe2 21. Qxe2 Qa5 22. Rd1 d5 23. exd5 Rxd5 24. Rxd5 Qxd5 25. Ne3 Bh6 26. f3 Qa2 27. Rb3 Rd8 28. Rd3 Rxd3 29. cxd3 Qd5 30. Kb1 Qc5 31. Nf5 Qc1+ 32. Ka2 Bf8 33. Kb3 Qc5 34. Qe4 Qb5+ 35. Ka2 Qd7 36. h4 Qe6+ 37. Ka1 Bc5 38. g4 hxg4 39. fxg4 Qb3 40. Qc4 Qd1+ 41. Ka2 b6 42. h5 Qd2 43. h6 Bd4 44. Nxd4 exd4 45. h7 Qh2 46. Qxf7 1-0

[Event "Czech Open Rapid G1 2024"]
[Site "Pardubice"]
[Date "2024.07.17"]
[Round "3.36"]
[White "Stary, Simon"]
[Black "Mojzis, Jaroslav"]
[Result "0-1"]
[Annotator "RC"]
[ECO "C65"]
[WhiteElo "1836"]
[BlackElo "2068"]
[PlyCount "64"]
[EventDate "2024.07.16"]
[EventType "swiss"]
[EventCountry "CZE"]
[SourceTitle "playchess.com"]
[Source "ChessBase"]
[SourceQuality "1"]
[TimeControl "1200+10"]

1. e4 e5 2. Nf3 Nc6 3. Bb5 Nf6 4. d3 Bc5 5. c3 d6 6. O-O O-O 7. Nbd2 Bb6 8. Re1 Ne7 9. Nf1 c6 10. Ba4 Re8 11. Ng3 h6 12. d4 Bc7 13. h3 Be6 14. Be3 exd4 15. cxd4 d5 16. e5 Ne4 17. Nh5 Qd7 18. Bxh6 Bxh3 19. Bxg7 Qg4 20. Nh4 Qxh4 21. gxh3 Qxf2+ 22. Kh1 Nf5 23. Rxe4 dxe4 24. Qg4 Re6 25. Bf6+ Kf8 26. Qxe4 Rxf6 27. Rg1 Rg6 28. Rxg6 fxg6 29. Qf4 Qxf4 30. Nxf4 Bb6 31. Nxg6+ Kf7 32. Nf4 Nxd4 0-1

[Event "Czech Open Rapid G1 2024"]
[Site "Pardubice"]
[Date "2024.07.18"]
[Round "4.1"]
[White "Navara, David"]
[Black "Neuman, Petr"]
[Result "1-0"]
[Annotator "TA"]
[ECO "B30"]
[WhiteElo "2682"]
[BlackElo "2441"]
[PlyCount "67"]
[EventDate "2024.07.16"]
[EventType "swiss"]
[EventCountry "CZE"]
[SourceTitle "playchess.com"]
[Source "ChessBase"]
[SourceQuality "1"]
[TimeControl "1200+10"]

1. e4 c5 2. Nf3 Nc6 3. Nc3 e5 4. Bc4 Be7 5. d3 d6 6. O-O Nf6 7. Ng5 O-O 8. f4 exf4 9. Bxf4 h6 10. Nf3 Be6 11. Nd5 Qd7 12. Qd2 Rae8 13. a3 Bd8 {[%emt 0:00:08] The position is equal.} 14. b4 Bxd5 15. exd5 Nd4 16. Nxd4 cxd4 17. a4 $1 a6 {[%emt 0:00:14] Inhibits Bb5.} 18. b5 $1 Nh5 19. bxa6 bxa6 20. Bxa6 {[%emt 0:01:04] And now Bb5 would win.} Nxf4 21. Qxf4 {[%emt 0:01:37][%cal Oa6b5] aiming for Bb5!} Bg5 {[%emt 0:01:08] Black is weak on the light squares} 22. Bb5 (22. Qxd4 $2 Be3+ $19) 22... Qc7 23. Qg4 {[%emt 0:00:06] White is more active.} (23. Qxd4 $2 Be3+ $19) 23... Re5 24. Bc6 (24. Qxd4 $2 Be3+ $19 (24... Qxc2 25. Kh1 $14) (24... Qxc2 25. Kh1 $14)) ({White should play} 24. a5 $16) 24... Be3+ 25. Kh1 Qa5 {[%emt 0:00:19] [#]} (25... f5 $1 $14 26. Qe2 Qa5) 26. Qd7 $1 $16 Qd2 $2 {[%emt 0:01:10][%mdl 8192] [#] This costs Black the game.} (26... Rg5 $16) 27. a5 $1 $18 ({Weaker is} 27. Qxd6 Rg5 28. g3 Qxc2 $14) 27... Rg5 28. Qh3 Rb8 (28... g6 $142 29. a6 (29. Qxh6 $2 Qxg2#) 29... h5) 29. a6 Rb2 30. a7 Rxc2 31. a8=Q+ (31. a8=B {leads to mate.} Qxg2+ 32. Qxg2 Rgxg2) (31. Bd7 $142 Qxg2+ 32. Qxg2 Rgxg2 33. a8=Q+ (33. a8=B $2 Rxh2#) 33... Kh7 34. Bf5+ (34. Rxf7 $2 Rxh2#) 34... g6 35. Bxg6+ Kxg6 36. Qg8+ Kh5 37. Qxg2 (37. Qxf7+ Kh4 $18) 37... Rxg2 38. Kxg2) 31... Kh7 32. Bd7 Qxg2+ 33. Qxg2 Rgxg2 34. Bf5+ {[%emt 0:00:06] Weighted Error Value: White=0.06 (flawless) /Black=0.61.  Loses game:     	---       	Black=1      Mistake:       	White=1     	Black=2      Inaccurate:     	White=1     	Black=2      OK:         	White=4     	Black=5      Best:        	White=4     	---        Strong:       	White=4     	---} (34. Rxf7 $2 Rxh2#) 1-0

[Event "Czech Open Rapid G1 2024"]
[Site "Pardubice"]
[Date "2024.07.18"]
[Round "4.2"]
[White "Movsesian, Sergei"]
[Black "Nisipeanu, Liviu-Dieter"]
[Result "1/2-1/2"]
[Annotator "TA"]
[ECO "E05"]
[WhiteElo "2618"]
[BlackElo "2583"]
[PlyCount "25"]
[EventDate "2024.07.16"]
[EventType "swiss"]
[EventCountry "CZE"]
[SourceTitle "playchess.com"]
[Source "ChessBase"]
[SourceQuality "1"]
[TimeControl "1200+10"]

1. d4 Nf6 2. Nf3 d5 3. c4 e6 4. g3 Be7 5. Bg2 O-O 6. O-O dxc4 7. a4 ({White should try} 7. Ne5 $14) 7... Bd7 8. Qc2 Bc6 9. Qxc4 {[%emt 0:00:02] The position is equal.} a5 10. Nc3 Na6 11. Bg5 Bxf3 12. Bxf3 {[%emt 0:00:02][%cal Og5f6] [#] Threatens to win with Bxf6!} c6 13. Rfd1 {[%emt 0:00:20] Not much happened in this game.   Weighted Error Value: White=0.24 (precise) /Black=0.14 (very precise) .  Inaccurate:     	---       	Black=1      OK:         	White=1     	Black=1      Best:        	---       	Black=1} 1/2-1/2

[Event "Czech Open Rapid G1 2024"]
[Site "Pardubice"]
[Date "2024.07.18"]
[Round "4.3"]
[White "Movsesian, Julia"]
[Black "Stocek, Jiri"]
[Result "1/2-1/2"]
[Annotator "TA"]
[ECO "B33"]
[WhiteElo "2202"]
[BlackElo "2524"]
[PlyCount "82"]
[EventDate "2024.07.16"]
[EventType "swiss"]
[EventCountry "CZE"]
[SourceTitle "playchess.com"]
[Source "ChessBase"]
[SourceQuality "1"]
[TimeControl "1200+10"]

1. e4 c5 2. Nf3 Nc6 3. Nc3 e6 4. d4 cxd4 5. Nxd4 Nf6 6. Ndb5 d6 7. Bf4 e5 8. Bg5 a6 9. Na3 Be6 10. Nc4 Rb8 11. Ne3 Nd4 (11... Be7 $11) 12. Ncd5 $14 {[%emt 0:01:03] Weiß steht etwas besser.} Be7 13. Nxe7 (13. Bxf6 $16 Bxf6 14. Nxf6+ (14. c3 Bxd5 15. Nxd5 Ne6 $16) 14... Qxf6 15. c3) 13... Qxe7 (13... Nxe4 $1 $11 {bleibt in der Remisbreite.} 14. Bh4 g5) 14. c3 $16 Nc6 15. Bc4 Rd8 16. Nd5 Bxd5 17. Bxd5 h6 18. Bxf6 Qxf6 19. Bxc6+ bxc6 20. Qa4 $1 d5 21. exd5 Rxd5 22. O-O ({Vorzuziehen ist} 22. Qxa6 $16 O-O 23. a4) 22... O-O 23. Qxa6 Rd2 24. Qb6 (24. b4 $16) 24... e4 25. a4 Qe5 (25... Re8 $16) 26. a5 (26. Qxc6 Rxb2 27. a5 Rc2 $14) 26... Rb8 {[%emt 0:00:12] Verhindert a6.} (26... e3 $16 {ist wohl besser.} 27. Qxe3 (27. Qxc6 $2 e2 $19) 27... Qxe3 28. fxe3 Rxb2) 27. Qxc6 $18 {[%emt 0:00:03] Und a6 würde nun gewinnen.} e3 (27... Rdxb2 {kämpft weiter.} 28. a6 R2b6) 28. a6 $1 {[%emt 0:01:43] a7 wäre nun fies.} exf2+ 29. Kh1 $1 {[%emt 0:00:10] Zielt auf a7 ab.} (29. Rxf2 Rxf2 30. Kxf2 Rxb2+ 31. Kf1 Qe2+ 32. Kg1 Qf2+ 33. Kh1 Re2 $11) 29... Rd6 30. Qf3 (30. Qc7 $142 Ra8 31. b4 (31. Rxf2 $2 Rd1+ 32. Rxd1 Qxc7 $19)) 30... Rf6 31. Qg3 (31. Qd3 $18) 31... Qe8 (31... Qxg3 $16 32. hxg3 Ra8) 32. b4 (32. Rxf2 Rxa6 33. Raf1 Rb7 $16) 32... Ra8 {[%emt 0:01:52][%cal Oe8e2] [#]} 33. a7 ({Weniger gut wäre} 33. Rxf2 Raxa6 34. Rb1 Rfe6 $14) (33. Qd3 $1 $18 {und der Rest ist Schweigen.}) 33... Qc8 {[%emt 0:01:33] Verhindert h3} (33... Qb5 $16) 34. h3 ({Jedoch nicht} 34. Rxf2 $6 Ra6 35. Rxa6 Qxa6 36. Qb8+ Kh7 $16) 34... Ra6 35. Qxf2 R8xa7 {[%emt 0:00:23] [#]} 36. Qxa7 (36. Rxa6 $1 $18 Qxa6 37. Re1) 36... Rxa7 $14 37. Rxa7 {[%emt 0:00:01] Und jetzt b5 wäre schön.} Qxc3 $18 {[%emt 0:00:03] KQ-KRR} 38. b5 Qd3 39. Rfxf7 Qd1+ 40. Kh2 Qd6+ 41. Kh1 Qd1+ {[%emt 0:00:01] Schwarz rettet sich ins Remis.   Gewichteter Fehlerwert: Weiß=0.36/Schwarz=0.36.  Fehler:       	Weiß=7     	Schwarz=7     Ungenau:       	Weiß=3     	Schwarz=3     OK:         	Weiß=7     	Schwarz=8     Bester:       	Weiß=4     	Schwarz=7     Stark:        	Weiß=3     	---} 1/2-1/2

[Event "Czech Open Rapid G1 2024"]
[Site "Pardubice"]
[Date "2024.07.18"]
[Round "4.4"]
[White "Kuegel, Tobias"]
[Black "Pulpan, Jakub"]
[Result "1/2-1/2"]
[Annotator "TA"]
[ECO "C68"]
[WhiteElo "2416"]
[BlackElo "2383"]
[PlyCount "76"]
[EventDate "2024.07.16"]
[EventType "swiss"]
[EventCountry "CZE"]
[SourceTitle "playchess.com"]
[Source "ChessBase"]
[SourceQuality "1"]
[TimeControl "1200+10"]

1. e4 e5 2. Nf3 Nc6 3. Bb5 a6 4. Bxc6 dxc6 5. O-O Bg4 6. h3 Bxf3 7. Qxf3 Qd7 8. d3 Ne7 9. Qg4 Qxg4 10. hxg4 Ng6 11. Be3 {[%emt 0:00:35] White has an edge.} Bd6 12. g3 h5 13. gxh5 Rxh5 14. Nd2 c5 15. Kg2 Nf4+ 16. Kf3 Ne6 17. Rh1 Rxh1 18. Rxh1 f6 19. Kg4 Kf7 20. f4 g6 21. f5 Ng7 22. fxg6+ ({White should try} 22. Rh6 $16 gxf5+ 23. exf5) 22... Kxg6 $14 23. Nf3 {[%emt 0:00:15] Threatening Nh4+.} Rg8 24. Nh4+ Kf7 25. Kf3 Rh8 26. Kg2 b6 27. Nf5 Rxh1 28. Kxh1 Kg6 29. Nxg7 Kxg7 $11 {[%emt 0:00:01][%mdl 4096] Endgame. KB-KB. The position is equal.} 30. Kg2 Kg6 31. Kf3 Kh5 32. Bf2 Bf8 33. c4 Bh6 34. Be1 Bc1 35. Bc3 Kg5 36. b3 Kh5 37. a4 Kg5 38. Be1 a5 {[%emt 0:00:23] Weighted Error Value: White=0.16 (very precise) /Black=0.11 (very precise) .  Mistake:       	White=1     	Black=1      Inaccurate:     	White=2     	Black=1      OK:         	White=9     	Black=14     Best:        	White=1     	Black=1} 1/2-1/2

[Event "Czech Open Rapid G1 2024"]
[Site "Pardubice"]
[Date "2024.07.18"]
[Round "4.5"]
[White "Jirka, Jiri"]
[Black "Krak, Tomas"]
[Result "1-0"]
[Annotator "TA"]
[ECO "A62"]
[WhiteElo "2387"]
[BlackElo "2229"]
[PlyCount "75"]
[EventDate "2024.07.16"]
[EventType "swiss"]
[EventCountry "CZE"]
[SourceTitle "playchess.com"]
[Source "ChessBase"]
[SourceQuality "1"]
[TimeControl "1200+10"]

1. d4 Nf6 2. c4 c5 3. d5 e6 4. Nc3 exd5 5. cxd5 d6 6. Nf3 g6 7. g3 Bg7 8. Bg2 O-O 9. O-O Re8 10. h3 a6 11. a4 Ne4 12. Nxe4 Rxe4 13. Nd2 Rb4 {[%emt 0:00:31] The position is equal.} 14. Ra2 Nd7 15. b3 b5 16. Ba3 {[%emt 0:02:48] Against a5} Rd4 (16... a5 $11 {remains equal.}) 17. e3 Rd3 18. Be4 Rc3 19. Bb2 {[%emt 0:00:33] [#] Strongly threatening axb5.} b4 20. Bxc3 (20. Bg2 $5) 20... Bxc3 ({Black should play} 20... bxc3 $14 21. Nc4 Nb6) 21. Nc4 (21. a5 $16) 21... Ne5 22. Nxe5 Bxe5 23. Kh2 (23. f4 $16 Bg7 24. Kh2) 23... h5 (23... c4 $1 $14) 24. f4 $16 Bg7 25. Bd3 h4 26. g4 Bb7 27. Qf3 Qf6 28. g5 Qe7 (28... Qc3 $142 29. Bc4 Re8) 29. e4 $18 Re8 30. Re2 Bc8 31. Qf2 f6 $2 (31... Bh8 32. Kg2 (32. Qxh4 Bd4 $18) 32... Bd4 33. Qxh4 Qf8) 32. gxf6 Qxf6 33. Qg2 {[%emt 0:00:31][%cal Oe4e5] [#] e5! is the strong threat.} ({Don't take} 33. e5 dxe5 34. fxe5 (34. Qxc5 Bh6 $18) 34... Qxf2+ 35. Rfxf2 Bxe5+ 36. Kh1 Kg7) 33... Rf8 34. Ref2 g5 $2 (34... Bd7 35. Bxa6 Kh7) 35. e5 dxe5 {[%emt 0:01:00] Black is weak on the light squares} 36. fxg5 {[%emt 0:00:04] White mates.} Qd6 37. Qe4 Rxf2+ 38. Rxf2 {[%emt 0:00:04] Weighted Error Value: White=0.14 (very precise) /Black=0.61.  Mistake:       	White=2     	Black=6      Inaccurate:     	White=2     	Black=2      OK:         	White=11    	Black=6      Best:        	White=1     	---} 1-0

[Event "Czech Open Rapid G1 2024"]
[Site "Pardubice"]
[Date "2024.07.18"]
[Round "4.6"]
[White "Abdulov, Orkhan"]
[Black "Johansson, Linus"]
[Result "1-0"]
[Annotator "RC"]
[ECO "C05"]
[WhiteElo "2382"]
[BlackElo "2451"]
[PlyCount "65"]
[EventDate "2024.07.16"]
[EventType "swiss"]
[EventCountry "CZE"]
[SourceTitle "playchess.com"]
[Source "ChessBase"]
[SourceQuality "1"]
[TimeControl "1200+10"]

1. e4 e6 2. d4 d5 3. Nc3 Nf6 4. e5 Nfd7 5. f4 c5 6. Nf3 Nc6 7. Ne2 a5 8. g3 a4 9. a3 Nb6 10. Bg2 Bd7 11. O-O g6 12. Kh1 h5 13. h4 Qc7 14. Rb1 Nc4 15. Qd3 Ne7 16. b3 axb3 17. cxb3 Nxa3 18. Bxa3 Rxa3 19. dxc5 Qxc5 20. Rfc1 Qb6 21. Ned4 Bg7 22. Ng5 Qa6 23. Qc3 Bc6 24. Qc5 Qa7 25. Qd6 Nc8 26. Qc7 O-O 27. Ndxe6 Qf2 28. Nxf8 Be8 29. Rc2 Qxg3 30. Qxc8 Qxh4+ 31. Kg1 Qxf4 32. Qxe8 Bxf8 33. Rf2 1-0

[Event "Czech Open Rapid G1 2024"]
[Site "Pardubice"]
[Date "2024.07.18"]
[Round "4.7"]
[White "Jares, Michal"]
[Black "Konopka, Michal"]
[Result "1/2-1/2"]
[Annotator "RC"]
[ECO "A35"]
[WhiteElo "2382"]
[BlackElo "2326"]
[PlyCount "71"]
[EventDate "2024.07.16"]
[EventType "swiss"]
[EventCountry "CZE"]
[SourceTitle "playchess.com"]
[Source "ChessBase"]
[SourceQuality "1"]
[TimeControl "1200+10"]

1. Nf3 c5 2. c4 Nc6 3. Nc3 g6 4. e3 Nf6 5. d4 cxd4 6. exd4 d5 7. cxd5 Nxd5 8. Qb3 Nxc3 9. Bc4 Nd5 10. Bxd5 e6 11. Bxc6+ bxc6 12. O-O Qd5 13. Be3 Qxb3 14. axb3 f6 15. Rfc1 Bd7 16. Nd2 Bb4 17. Ne4 Ke7 18. Bd2 Bxd2 19. Nxd2 Rhb8 20. Kf1 Rb4 21. Rc4 c5 22. Rxc5 Rxd4 23. Nc4 Rb8 24. Rxa7 Rxb3 25. Na5 Rd1+ 26. Ke2 Rbd3 27. Rc2 e5 28. Nc4 Ke6 29. Ra6+ Ke7 30. Ra7 Ke6 31. Ne3 Bb5 32. Nxd1 Rd7+ 33. Ke1 Rxa7 34. Rc5 Rb7 35. b3 Bd7 36. Rc3 1/2-1/2

[Event "Czech Open Rapid G1 2024"]
[Site "Pardubice"]
[Date "2024.07.18"]
[Round "4.8"]
[White "Cerveny, Martin"]
[Black "Seger, Ruediger"]
[Result "1/2-1/2"]
[Annotator "RC"]
[ECO "D91"]
[WhiteElo "2325"]
[BlackElo "2264"]
[PlyCount "90"]
[EventDate "2024.07.16"]
[EventType "swiss"]
[EventCountry "CZE"]
[SourceTitle "playchess.com"]
[Source "ChessBase"]
[SourceQuality "1"]
[TimeControl "1200+10"]

1. d4 Nf6 2. Nf3 g6 3. c4 Bg7 4. Nc3 d5 5. Bg5 Ne4 6. cxd5 Nxg5 7. Nxg5 e6 8. Nf3 exd5 9. e3 O-O 10. Be2 Be6 11. O-O Nd7 12. Qb3 Nb6 13. a4 a5 14. Rac1 c6 15. Rfd1 Re8 16. Nb1 Rb8 17. Nbd2 Nd7 18. h3 Bf8 19. Nf1 Bd6 20. Qc3 Nf6 21. Bd3 Bd7 22. Ne5 Qc7 23. f4 Nh5 24. g4 Ng7 25. Qc2 f6 26. Nf3 Re7 27. Qf2 Rf8 28. b3 Qb6 29. Rb1 c5 30. Kg2 cxd4 31. Nxd4 Bc5 32. Be2 Ne6 33. f5 Nxd4 34. exd4 Bd6 35. Bf3 Bc6 36. Ne3 Kg7 37. Nxd5 Bxd5 38. Bxd5 Bb8 39. Be6 Qd6 40. Kf1 Ba7 41. Rbc1 Rd8 42. Rc4 Rc7 43. Kg2 Rxc4 44. bxc4 Bxd4 45. Qf3 b6 1/2-1/2

[Event "Czech Open Rapid G1 2024"]
[Site "Pardubice"]
[Date "2024.07.18"]
[Round "4.9"]
[White "Kusa, Jakub"]
[Black "Shilon Rahav, Eliran"]
[Result "1-0"]
[Annotator "TA"]
[ECO "D31"]
[WhiteElo "2423"]
[BlackElo "2055"]
[PlyCount "75"]
[EventDate "2024.07.16"]
[EventType "swiss"]
[EventCountry "CZE"]
[SourceTitle "playchess.com"]
[Source "ChessBase"]
[SourceQuality "1"]
[TimeControl "1200+10"]

1. d4 d5 2. c4 e6 3. Nc3 c6 4. e4 dxe4 5. Nxe4 Bb4+ 6. Bd2 Qxd4 7. Bxb4 Qxe4+ 8. Be2 Na6 9. Ba5 {[%emt 0:00:15][%csl Ga5][%cal Rd1d8] [#]} f6 10. Qd8+ Kf7 11. Rd1 Qxg2 {[%emt 0:07:42] The position is equal.} 12. Bf3 (12. Bh5+ g6 13. Bf3 Qg5 $14) 12... Qg5 13. Ne2 $1 {[%emt 0:02:08][%mdl 1024] [#] aiming for Ng3. White has compensation.} Qf5 14. Bg2 b6 15. Bc3 (15. Bxc6 $2 Ne7 (15... Qxa5+ $2 16. Kf1 $19) 16. Qd6 Rd8 (16... Qxa5+ $2 17. b4 $19) (16... Nxc6 17. Qxc6 Rb8 18. Bc3 $17) 17. Qxd8 Qxa5+ (17... Nxc6 $2 18. Qd6 $19) 18. Kf1 Nxc6 $19) 15... Bb7 16. Qd7+ ({Better is} 16. Qd6 $14 Nc5 17. Rg1) 16... Ne7 $15 {[%emt 0:00:02][%cal Oa8d8] White must now prevent ...Rad8!} 17. Qxb7 Nc5 18. Qc7 Nd3+ 19. Rxd3 $1 Qxd3 20. Qg3 (20. Bxc6 $2 Rhd8 (20... Qxc4 $2 21. Be8+ Rhxe8 22. Qxc4 $18) (20... Rac8 21. Qd7 $17) 21. O-O Rac8 (21... Qxe2 22. Bb4 $15) (21... Qxc4 $2 22. Be8+ Rxe8 23. Qxc4 $18) 22. Qxa7 Rxc6 $19) 20... Qxc4 (20... Qb1+ $17 21. Kd2 Rad8+ 22. Nd4 Qxa2) 21. Qf3 (21. Rg1 $15) 21... Rhd8 22. O-O Qxa2 (22... Kg8 $17) 23. Nf4 $36 {[%emt 0:00:52][%mdl 2048] Bh3 would now be deadly. White is more active.} Qc4 24. Bh3 (24. Re1 $1 $11 Rd6 25. Qh5+ Kg8 26. Be4) 24... Rd6 $17 25. Re1 Nf5 $2 (25... e5 $17 {keeps the pressure on.} 26. Qh5+ Ng6) 26. Qh5+ Kg8 (26... Kf8 $16 27. Qg4 Kg8) 27. Bxf5 $18 {[%emt 0:00:01][%cal Oc3f6] White wants to mate with Bxf6!} Qxf4 28. Bxe6+ {[%emt 0:00:09] This pair of bishops is nice.} (28. Qxh7+ Kf8 29. Qh8+ (29. Rxe6 Rxe6 30. Bxe6 Ke7 $11) 29... Kf7 30. Qh5+ (30. Qxa8 Qxf5 31. Qxa7+ Kg6 $16) 30... Ke7) 28... Kh8 $2 (28... Rxe6 {keeps fighting.} 29. Rxe6 Kf8 30. Rxc6 Re8) 29. Bf5 Qg5+ 30. Qxg5 fxg5 31. Re7 Rg8 32. Be6 ({Don't take} 32. Rxa7 c5 33. Rb7 Rc6) 32... Rxe6 33. Rxe6 {[%emt 0:00:00] KRB-KR} c5 34. Re7 a5 (34... b5 $142 35. Rc7 (35. Rxa7 h6 $18) 35... b4) 35. Rb7 {[%emt 0:00:02] White is clearly winning.} h6 36. Rxb6 Ra8 37. Rxh6+ Kg8 38. Rg6 {[%emt 0:00:03][%csl LRg5,LRg7] Weighted Error Value: White=0.25 (precise) /Black=0.51.  Mistake:       	White=3     	Black=6      Inaccurate:     	---       	Black=4      OK:         	White=13    	Black=8      Best:        	White=2     	Black=3      Strong:       	White=2     	---} 1-0

[Event "Czech Open Rapid G1 2024"]
[Site "Pardubice"]
[Date "2024.07.18"]
[Round "4.10"]
[White "Lalic, Bogdan"]
[Black "Sherman, Raem"]
[Result "1/2-1/2"]
[Annotator "RC"]
[ECO "D35"]
[WhiteElo "2348"]
[BlackElo "2358"]
[PlyCount "105"]
[EventDate "2024.07.16"]
[EventType "swiss"]
[EventCountry "CZE"]
[SourceTitle "playchess.com"]
[Source "ChessBase"]
[SourceQuality "1"]
[TimeControl "1200+10"]

1. d4 Nf6 2. c4 e6 3. Nc3 d5 4. cxd5 exd5 5. Bg5 Be7 6. e3 h6 7. Bh4 Bg4 8. Qb3 Nbd7 9. Bxf6 Nxf6 10. Qxb7 O-O 11. Qb3 c5 12. Be2 cxd4 13. exd4 Bf5 14. Qd1 Qb6 15. Bd3 Qxb2 16. Bxf5 Qxc3+ 17. Kf1 Ne4 18. Ne2 Qa5 19. Qd3 Nd6 20. g3 Rab8 21. Kg2 Rb2 22. Bg4 Ne4 23. Rhf1 Bf6 24. Bf3 Re8 25. Rfd1 g6 26. h4 h5 27. a4 Kg7 28. Rab1 Rxb1 29. Rxb1 Qxa4 30. Qb5 Qxb5 31. Rxb5 Rd8 32. Rb7 a6 33. Nf4 Re8 34. Rb4 a5 35. Ra4 Bd8 36. Nxd5 Nd2 37. Ne3 Re6 38. Bd5 Rd6 39. Ra2 Nb1 40. Rc2 Na3 41. Rb2 Rd7 42. Ba2 a4 43. d5 Be7 44. Rb6 Bc5 45. Ra6 Ra7 46. Rxa7 Bxa7 47. d6 Bb6 48. Nd5 Bd8 49. Nc3 Kf8 50. Nxa4 Nb5 51. d7 Ke7 52. Nc5 Nd6 53. Bd5 1/2-1/2